 Dungeon Crawl Stone Soup version 0.30-a0-949-g53dc5368d7 (webtiles) character file.

Game seed: 1091301412812923236

396278 themarg the Convoker (level 23, -14/171 HPs)
             Began as a Merfolk Summoner on Mar 21, 2023.
             Was an Initiate of Gozag.
             Killed from afar by a black draconian knight (40 damage)
             ... with a bolt of lightning
             ... on level 4 of the Depths on Mar 27, 2023.
             The game lasted 06:24:46 (96768 turns).

themarg the Convoker (Merfolk Summoner)            Turns: 96768, Time: 06:24:46

Health: -14/171    AC: 26    Str: 16    XL:     23   Next: 20%
Magic:  11/42      EV: 19    Int: 24    God:    Gozag
Gold:   4923       SH: 11    Dex: 20    Spells: 8/52 levels left

rFire   + . .      SeeInvis +    M - +6 demon trident
rCold   . . .      Faith    .    V - +3 buckler {AC+3}
rNeg    + . .      Spirit   .    N - +6 faerie dragon scales {rN+ rCorr Str+3 Clar}
rPois   +          Reflect  .    H - +1 hat of Foolhardiness {rPois Will+ Stlth+}
rElec   .          Rampage  .    K - +2 cloak {Stlth+}
rCorr   +          Clarity  +    O - +2 pair of gloves
Will    +++..                    p - +2 pair of boots
Stlth   ++++                     k - amulet of regeneration
HPRegen 1.28/turn                B - ring of Ytiexep {rF+ Will+ Str+5 Dex+6}
MPRegen 0.28/turn                Y - ring of see invisible

@: very slightly contaminated
A: (nimble swimmer 2), mertail, clarity, weak 1
}: 2/15 runes: decaying, gossamer
a: Renounce Religion, Potion Petition, Call Merchant, Bribe Branch


You were on level 4 of the Depths.
You worshipped Gozag.
Gozag was most pleased with you.
You visited 8 branches of the dungeon, and saw 41 of its levels.
You visited 1 bazaar.
You also visited: Bailey.

You collected 21788 gold pieces.
You spent 3469 gold pieces at shops.
You paid 13396 gold pieces to Gozag.

Inventory:

Hand Weapons
 M - a +6 demon trident (weapon)
 Z - the +2 dagger of Darkness {elec, rElec Str+4 SInv}
   (You found it on level 5 of the Lair of Beasts)

   Str:       It affects your strength (+4).
   rElec:     It insulates you from electricity.
   SInv:      It lets you see invisible.
Missiles
 J - 13 curare-tipped darts (quivered)
 L - 5 throwing nets
Armour
 p - a +2 pair of boots (worn)
 H - the +1 hat of Foolhardiness (worn) {rPois Will+ Stlth+}
   (You acquired it on level 3 of the Lair of Beasts)

   rPois:     It protects you from poison.
   Will:      It increases your willpower.
   Stlth:     It makes you more stealthy.
 K - a +2 cloak of stealth (worn)
 N - the +6 faerie dragon scales (worn) {rN+ rCorr Str+3 Clar}
   (You took it off the Enchantress on level 2 of the Depths)

   Str:       It affects your strength (+3).
   rN:        It protects you from negative energy.
   Clar:      It protects you against confusion.
   rCorr:     It protects you from acid and corrosion.
 O - a +2 pair of gloves (worn)
 V - a +3 buckler of protection (worn)
Jewellery
 f - a ring of protection from cold
 k - an amulet of regeneration (around neck)
 B - the ring of Ytiexep (left hand) {rF+ Will+ Str+5 Dex+6}
   (You found it on level 3 of the Elven Halls)

   [ring of dexterity]

   Str:       It affects your strength (+5).
   Dex:       It affects your dexterity (+6).
   rF:        It protects you from fire.
   Will:      It increases your willpower.
 T - the ring of the Gnashing Gods {Contam MP+9 Int+6 Dex+2}
   (You found it on level 3 of the Swamp)

   [ring of intelligence]

   Int:       It affects your intelligence (+6).
   Dex:       It affects your dexterity (+2).
   MP:        It affects your magic capacity (+9).
   Contam:    It causes magical contamination when unequipped.
 Y - a ring of see invisible (right hand)
Wands
 d - a wand of iceblast (36)
 g - a wand of polymorph (18)
 r - a wand of mindburst (9)
 C - a wand of paralysis (7)
 G - a wand of digging (20)
 W - a wand of acid (22)
Scrolls
 h - 7 scrolls of vulnerability
 i - 6 scrolls of immolation
 m - 7 scrolls of teleportation
 n - 8 scrolls of fog
 o - 4 scrolls of torment
 s - a scroll of silence
 A - 3 scrolls of blinking
 I - 2 scrolls of poison
 S - 8 scrolls of magic mapping
 U - 10 scrolls of fear
Potions
 c - 2 potions of resistance
 e - 5 potions of haste
 j - 9 potions of cancellation
 q - 20 potions of curing
 t - 9 potions of mutation
 w - 9 potions of attraction
 x - 10 potions of might
 z - 8 potions of heal wounds
 D - 9 potions of flight
 F - 4 potions of brilliance
 P - 2 potions of invisibility
 Q - 8 potions of ambrosia
 R - 10 potions of lignification
 X - 3 potions of magic
Miscellaneous
 a - a tin of tremorstones (2/2)
 b - a phial of floods
 l - a condenser vane
 v - a lightning rod (4/4)
 y - a phantom mirror
 E - a box of beasts


   Skills:
 - Level 12.0 Fighting
 - Level 14.0 Polearms
 - Level 6.0 Throwing
 + Level 3.3 Armour
 - Level 12.0 Dodging
 - Level 3.0 Stealth
 + Level 13.8 Shields
 - Level 15.0 Spellcasting
 - Level 10.0 Conjurations
 - Level 3.0 Hexes
 - Level 17.1 Summonings
 + Level 11.5 Necromancy
 - Level 9.0 Ice Magic
 - Level 10.0 Air Magic
 - Level 8.0 Earth Magic
 - Level 3.0 Poison Magic
 - Level 10.0 Evocations


You had 8 spell levels left.
You knew the following spells:

 Your Spells              Type           Power      Damage    Failure   Level
a - Summon Small Mammal   Summ           100%       N/A       0%          1
b - Borgnjor's Vile Clut  Necr/Erth      30%        N/A       2%          5
c - Haunt                 Necr/Summ      36%        N/A       12%         7
d - Summon Lightning Spi  Summ/Air       70%        N/A       1%          4
e - Arcjolt               Conj/Air       30%        1d40      2%          5
f - Mephitic Cloud        Conj/Pois/Air  53%        N/A       1%          3
h - Freezing Cloud        Conj/Ice/Air   29%        6-21      2%          5
i - Summon Hydra          Summ           39%        N/A       3%          7
j - Monstrous Menagerie   Summ           39%        N/A       3%          7

Your spell library contained the following spells:

 Spells                   Type           Power      Damage    Failure   Level
 Call Imp                 Summ           79%        N/A       0%          2
 Call Canine Familiar     Summ           79%        N/A       0%          3
 Kiss of Death            Conj/Necr      100%       2d13      1%          1
 Magic Dart               Conj           100%       1d8       1%          1
 Necrotise                Necr           100%       1d9       1%          1
 Sandblast                Erth           100%       2d20      1%          1
 Slow                     Hex            100%       N/A       1%          1
 Cigotuvi's Dreadful Rot  Necr/Pois/Air  100%       N/A       1%          2
 Ensorcelled Hibernation  Hex/Ice        92%        N/A       1%          2
 Momentum Strike          Conj/Tloc      84%        3d10      1%          2
 Passwall                 Tmut/Erth      30%        N/A       1%          2
 Poisonous Vapours        Pois/Air       98%        N/A       1%          2
 Searing Ray              Conj           100%       2d8       1%          2
 Static Discharge         Conj/Air       100%       2-7/arc   1%          2
 Sublimation of Blood     Necr           65%        N/A       1%          2
 Hailstorm                Conj/Ice       59%        3d13      1%          3
 Stone Arrow              Conj/Erth      100%       3d13      1%          3
 Summon Guardian Golem    Hex/Summ       60%        N/A       1%          3
 Swiftness                Air            60%        N/A       1%          3
 Vampiric Draining        Necr           65%        2d10      1%          3
 Vhi's Electric Charge    Tloc/Air       84%        N/A       1%          3
 Dispel Undead            Necr           65%        3d22      1%          4
 Summon Ice Beast         Ice/Summ       69%        N/A       1%          4
 Agony                    Necr           65%        N/A       1%          5
 Summon Cactus Giant      Summ           39%        N/A       1%          6
 Sting                    Tmut/Pois      100%       1d8       2%          1
 Anguish                  Hex/Necr       26%        N/A       2%          4
 Summon Mana Viper        Hex/Summ       60%        N/A       2%          5
 Kindle Blastsparks       Fire/Tloc/Air  66%        2d15      3%          3
 Fulminant Prism          Conj/Hex       24%        3d12      3%          4
 Beastly Appendage        Tmut           36%        N/A       4%          1
 Confusing Touch          Hex            32%        N/A       4%          3
 Leda's Liquefaction      Hex/Erth       22%        N/A       4%          4
 Flame Wave               Conj/Fire      42%        2d11      6%          4
 Sticky Flame             Conj/Fire      42%        2d6       6%          4
 Death Channel            Necr           32%        N/A       7%          6
 Blink                    Tloc           36%        N/A       8%          2
 Lesser Beckoning         Tloc           36%        N/A       8%          2
 Wereblood                Tmut           18%        N/A       8%          2
 Inner Flame              Hex/Fire       25%        N/A       8%          3
 Portal Projectile        Hex/Tloc       50%        N/A       8%          3
 Spider Form              Tmut/Pois      25%        N/A       8%          3
 Ice Form                 Ice/Tmut       39%        N/A       8%          4
 Ignite Poison            Fire/Tmut/Pois 22%        N/A       10%         3
 Petrify                  Tmut/Erth      37%        N/A       10%         4
 Metabolic Englaciation   Hex/Ice        23%        N/A       12%         5
 Gell's Gravitas          Tloc           18%        N/A       14%         3
 Teleport Other           Tloc           18%        N/A       14%         3
 Olgreb's Toxic Radiance  Pois           32%        N/A       14%         4
 Spellforged Servitor     Conj/Summ      35%        N/A       16%         7
 Plasma Beam              Fire/Air       21%        2x1d36    17%         5
 Summon Horrible Things   Summ           39%        N/A       28%         8
 Orb of Destruction       Conj           30%        9d10      56%         7
 Alistair's Intoxication  Tmut/Pois      16%        N/A       58%         5
 Eringya's Noxious Bog    Tmut/Pois      12%        N/A       99%         6
 Dispersal                Tloc           9%         N/A       100%        6
 Enfeeble                 Hex            16%        N/A       100%        7
 Necromutation            Tmut/Necr      22%        N/A       100%        8
 Animate Dead             Necr           Unusable   N/A       N/A         4
 Simulacrum               Ice/Necr       Unusable   N/A       N/A         6

Dungeon Overview and Level Annotations

Branches:
Dungeon (15/15)            Temple (0/1) D:7            Lair (5/5) D:8
  Swamp (4/4) Lair:3       Spider (4/4) Lair:3        Slime (0/5) Lair:5
    Orc (2/2) D:10            Elf (3/3) Orc:2        Vaults (4/5) D:13
  Crypt (0/3) Vaults:3     Depths (4/4) D:15         Bailey (visited)
    Zot: Depths:4

Altars:
Ashenzari
Cheibriados
Fedhas
Gozag
Nemelex Xobeh
Okawaru
Qazlal
Trog
Vehumet
Xom
Yredelemnul
Jiyva

Shops:
D:6 [   Orc:2 =(*[   Elf:3 !   Vaults:3 **   Depths:1 *(   Depths:3 *?*

Portals:
Hell: Depths:1 Depths:3
Abyss: Depths:3
Ziggurat: Depths:3

Annotations:
D:8 2 runed translucent doors, exclusion: orange crystal statue
Lair:5 exclusion: oklob plant
Elf:1 1 exclusion
Elf:2 4 runed translucent doors, 1 exclusion, serber55's ghost, adept DsIE
Vaults:1 1 exclusion
Depths:3 exclusion: downstairs
Depths:4 Parghit


Innate Abilities, Weirdness & Mutations

((You are very nimble when in or above water. (Stealth+, EV+, Speed+++)))
Your lower body shifts to a powerful aquatic tail in water.
You possess an exceptional clarity of mind.
You are weak. (Str -2)


Message History

Your manticore completely misses the black draconian knight.
The black draconian knight is engulfed in poison gas.
The black draconian knight looks even sicker.
The black draconian knight barely misses you.
You closely miss the black draconian knight.
The black draconian knight is almost dead.
The black draconian knight is engulfed in poison gas.
The black draconian knight looks as sick as possible!
The black draconian knight gestures at you while chanting.
You block the shard of ice.
You barely miss the black draconian knight.
The black draconian knight is almost dead.
Your lindwurm looks even sicker.
Your lindwurm bites the green draconian!!
Your lindwurm claws the green draconian.
Your lindwurm claws the green draconian but does no damage.
Your manticore is engulfed in poison gas.
Your manticore looks even sicker.
Your manticore dies!
Your manticore's corpse disappears in a puff of smoke!
The green draconian hits your lindwurm with a +0 short sword!
The green draconian tail-slaps your lindwurm.
You hit the black draconian knight but do no damage.
The black draconian knight is almost dead.
The black draconian knight is engulfed in poison gas.
The black draconian knight looks as sick as possible!
The black draconian knight points at you and mumbles some strange words.
The bolt of cold hits you!!!
* * * LOW HITPOINT WARNING * * *
Your lindwurm looks as sick as possible!
Your lindwurm bites the green draconian!
Your lindwurm claws the green draconian!
Your lindwurm claws the green draconian.
The black draconian knight attacks as you move away!
The black draconian knight hits you with a +2 great mace!
* * * LOW HITPOINT WARNING * * *
The black draconian knight breathes lightning at you.
The bolt of lightning hits you!!!
You die...
Your body crumbles into a pile of gold.

#.......)#####...
#......$○# #..:....d#
##.....).k#########..
......?..○'..<......#
##.....○○$###########
##....°○q# #.#####.#
#.#...@.# . #.#####
###########.#####
#...............#
#.#########.###.# #.#
#.#<#.#
#.#########.#.#.#
#...........#.#.#
###########.#...#


You could see a black draconian knight (fast, invisible, extremely poisoned,
catching breath), a green draconian (ally target) and a friendly lindwurm
(summoned, extremely poisoned).

Vanquished Creatures
  A juggernaut (Depths:4)
  Frederick (Vaults:4)
  A golden dragon (Depths:3)
  Nikola (Depths:1)
  the Enchantress (Depths:2)
  A tentacled monstrosity (Depths:3)
  A quicksilver dragon (Depths:2)
  2 deep elf blademasters (Elf:3)
  A lich (Depths:2)
  A tengu reaver (Depths:4)
  A shadow dragon (Vaults:3)
  A sphinx (Vaults:2)
  3 frost giants
  6 fire giants
  5 emperor scorpions
  4 deep elf sorcerers (Elf:3)
  3 vault wardens
  A caustic shrike zombie (Depths:3)
  2 ghost moths
  4 deep elf elementalists (Elf:3)
  6 ironbound preservers
  8 very ugly things
  A spriggan defender (Depths:1)
  3 ironbound thunderhulks (Vaults:4)
  3 stone giants
  A green draconian (Depths:3)
  A vampire knight (Depths:3)
  A white draconian (Depths:4)
  A deep elf demonologist (Elf:3)
  2 black draconians (Depths:4)
  A spark wasp (Depths:2)
  A red draconian (Depths:4)
  2 dire elephants
  2 ettins
  A deep elf death mage (Elf:3)
  A merfolk impaler (D:14)
  4 fire dragons
  Josephine (Lair:5)
  A quicksilver dragon zombie (Depths:1)
  2 entropy weavers (Spider:1)
  5 yaktaur captains
  A rakshasa (Depths:2)
  A great orb of eyes (Vaults:3)
  5 hydras
  2 vault guards (Vaults:4)
  Erica (D:11)
  An ogre mage (D:15)
  3 spriggan air magi (Depths:2)
  2 boulder beetles
  3 ice dragons
  6 two-headed ogres
  4 centaur warriors
  An ironbound frostheart (Vaults:4)
  A dancing weapon (Elf:1)
  An alligator (Swamp:1)
  3 deep troll shamans
  5 spriggan berserkers
  4 death yaks (Lair:5)
  2 orc high priests (Orc:2)
  A vampire mage (Depths:2)
  3 hell knights
  A tengu warrior (Depths:2)
  10 deep elf knights
  2 iron trolls (Depths:1)
  18 nameless horrors
  A skyshark (Lair:2)
  31 deep trolls
  A tengu zombie (Depths:3)
  2 deep elf archers
  A swamp dragon (Swamp:1)
  4 lindwurms
  An orb spider (Spider:2)
  A steelbarb worm (Spider:4)
  A glowing orange brain (Depths:4)
  3 ironbound convokers
  3 necromancers
  A wizard (D:15)
  7 deep elf pyromancers
  3 orc knights
  9 wolf spiders
  A deep elf zephyrmancer (Elf:1)
  3 manticores
  A stone giant zombie (Vaults:1)
  3 orc sorcerers (Orc:2)
  11 ugly things
  4 cyclopes
  2 demonic crawlers (Spider:1)
  7 elephants
  A moth of wrath (Spider:2)
  A fire giant skeleton (Depths:1)
  2 naga magi (D:15)
  A black mamba (Lair:5)
  A vault sentinel (Vaults:4)
  3 cane toads
  An eye of devastation (shapeshifter) (Depths:3)
  2 rime drakes (Lair:5)
  A yaktaur (Vaults:2)
  An unseen horror (D:12)
  4 komodo dragons
  4 tengu conjurers
  2 meliai (D:13)
  The ghost of hgbash the Trooper, an amateur MiBe of Trog (D:5)
  8 trolls
  A tyrant leech (Swamp:2)
  A wolf spider simulacrum (D:15)
  2 polar bears (Lair:5)
  5 tarantellas
  3 hornets
  A dream sheep (shapeshifter) (Depths:1)
  10 dream sheep
  3 blink frogs
  11 jumping spiders
  9 culicivoras
  12 slime creatures
  A vampire (D:11)
  3 spriggans
  A wyvern (Lair:5)
  2 basilisks (Lair:5)
  A water elemental (Depths:3)
  4 wraiths
  6 yaks
  19 redbacks
  A vampire mosquito (Swamp:1)
  3 swamp worms
  2 water moccasins
  A large abomination (Elf:1)
  2 hell hounds (Lair:4)
  An acid dragon (D:13)
  A swamp drake (Swamp:3)
  22 orc warriors
  5 ogres
  7 centaurs
  10 wolves
  A phantom (D:5)
  3 bullfrogs
  2 earth elementals (Elf:3)
  A wight (D:8)
  2 killer bees (D:10)
  2 electric eels (Lair:5)
  2 howler monkeys (D:10)
  15 orc priests
  A bullfrog skeleton (D:5)
  18 orc wizards
  4 hell rats
  3 gnolls
  2 adders (D:3)
  5 river rats (Lair:1)
  2 dart slugs
  55 orcs
  2 ball pythons
  2 endoplasms
  A giant cockroach (D:1)
  A goblin (D:4)
  4 hobgoblins
  A jackal (D:3)
  2 quokkas (D:3)
  2 frilled lizards
  A kobold (D:2)
  A rat (D:2)
589 creatures vanquished.

Vanquished Creatures (collateral kills)
  Saint Roka (Elf:2)
  Margery (Vaults:4)
  A golden dragon (Depths:4)
  Jory (Vaults:4)
  A bone dragon (Depths:4)
  The ghost of Zissick the Minotaur Blade, an adept MiBr of Okawaru (Vaults:3)
  2 tentacled monstrosities
  Jorgrun (Spider:1)
  A deep elf master archer (Elf:3)
  A titan (Depths:1)
  A sphinx (Depths:1)
  A thorn hunter (Swamp:4)
  A tengu reaver (Depths:3)
  9 emperor scorpions
  2 fire giants (Depths:1)
  4 deep elf sorcerers (Elf:3)
  A vault warden (Vaults:3)
  Louise (Swamp:1)
  Aizul (Elf:1)
  2 frost giants (Depths:1)
  A ghost moth (Spider:4)
  An orc warlord (Orc:2)
  2 spriggan defenders
  2 deep elf elementalists (Elf:3)
  8 very ugly things
  4 ironbound preservers
  5 stone giants
  The ghost of bmack86 the Severer, a journeyman MiFi of Okawaru (Lair:4)
  The ghost of Bacu the Thaumaturge, a journeyman DjCj of Makhleb (Lair:4)
  A deep elf demonologist (Elf:3)
  The ghost of bmack86 the Severer, a journeyman MiFi of Okawaru (Lair:4)
  3 ironbound thunderhulks
  5 eleionomae
  8 dire elephants
  6 bunyips
  7 deep elf annihilators
  A white draconian (Depths:3)
  The ghost of Hubris850 the Gelid, a journeyman DrIE of Ru (Lair:4)
  A purple draconian (Depths:4)
  A merfolk javelineer (D:14)
  5 deep elf death magi
  The ghost of superbruh the Spear-Bearer, a journeyman GnWn of Yredelemnul (D:14)
  3 ettins
  2 jiangshi (Depths:1)
  2 fire dragons
  4 entropy weavers
  3 great orbs of eyes
  10 deep elf high priests (Elf:3)
  2 ice dragons
  A vault guard (Vaults:4)
  2 yaktaur captains
  A shambling mangrove (Swamp:4)
  A catoblepas (Lair:5)
  4 ghost crabs
  3 jorogumos
  5 spriggan air magi
  2 rakshasas
  4 boulder beetles
  2 radroaches
  5 centaur warriors
  20 hydras
  An ogre mage (D:15)
  11 dancing weapons
  4 ironbound frosthearts
  2 death yaks (Lair:5)
  7 two-headed ogres
  3 deep troll earth magi (Depths:1)
  5 alligators
  4 deep troll shamans
  2 tengu warriors (Depths:1)
  An orc high priest (Orc:2)
  A vampire mage (Depths:1)
  4 spriggan berserkers
  7 deep elf knights
  Sonja (Lair:4)
  A hell knight (Depths:2)
  A skyshark (Lair:2)
  Nergalle (D:10)
  3 iron trolls (Depths:1)
  4 goliath frogs
  A flayed ghost (Depths:1)
  3 sun moths
  19 deep trolls
  7 orb spiders
  2 spriggan druids (Swamp:4)
  10 deep elf archers
  9 swamp dragons
  10 wizards
  6 bog bodies
  5 ironbound convokers
  10 lindwurms
  30 ugly things
  21 deep elf pyromancers
  6 orc knights
  A wolf spider (shapeshifter) (Depths:2)
  2 steelbarb worms
  20 deep elf zephyrmancers
  8 necromancers
  A cyclops (D:14)
  11 wolf spiders
  4 will-o-the-wisps
  A shining eye (shapeshifter) (D:14)
  3 manticores
  6 elephants
  3 orc sorcerers
  2 moths of wrath (Spider:4)
  A stone giant skeleton (Depths:1)
  2 black mambas
  A guardian serpent (shapeshifter) (D:13)
  10 vault sentinels
  Joseph (D:7)
  A human skeleton (Vaults:1)
  3 demonic crawlers
  8 cane toads
  An unseen horror (D:11)
  A centaur skeleton (D:15)
  2 torpor snails
  A kobold demonologist (D:11)
  6 komodo dragons
  18 yaktaurs
  2 tengu conjurers
  A meliai (D:13)
  2 polar bears (Lair:5)
  2 trolls
  9 tyrant leeches
  A troll (shapeshifter) (D:15)
  Prince Ribbit (D:8)
  A large abomination (Elf:1)
  6 hornets
  20 tarantellas
  5 blink frogs
  A hornet (shapeshifter) (D:11)
  Grinder (D:5)
  An ettin zombie (Vaults:1)
  5 dream sheep
  A centaur simulacrum (D:15)
  A jumping spider (shapeshifter) (D:13)
  A meliai zombie (D:15)
  20 slime creatures
  9 culicivoras
  3 water elementals
  7 spriggans
  An air elemental (Elf:3)
  9 jumping spiders
  34 yaks
  2 wyverns
  3 wraiths
  2 basilisks
  A fire elemental (Elf:2)
  A vampire (D:13)
  3 vampire mosquitoes (Swamp:1)
  33 redbacks
  2 steam dragons
  An acid dragon (D:11)
  3 wargs
  Duvessa (D:7)
  8 water moccasins
  15 swamp worms
  A black bear (D:8)
  8 swamp drakes
  24 orc warriors
  2 ice beasts
  6 ogres
  11 centaurs
  12 wolves
  5 elf zombies (Elf:1)
  2 bullfrogs
  3 earth elementals
  5 scorpions
  3 gnoll sergeants
  Dowan (D:7)
  4 wights
  A hornet simulacrum (D:15)
  A human simulacrum (Vaults:1)
  9 killer bees
  2 electric eels (D:7)
  A howler monkey (D:11)
  2 centaur zombies
  13 orc priests
  2 gnoll boudas
  2 hounds
  Crazy Yiuf (D:7)
  6 iguanas
  2 sleepcaps (D:6)
  10 orc wizards
  2 hell rats
  25 nameless horrors
  19 gnolls
  7 adders
  7 river rats (Lair:1)
  A shadow imp (D:6)
  3 white imps
  2 ufetubi
  3 worms (Lair:3)
  2 dart slugs
  86 orcs
  5 bats
  4 endoplasms
  4 giant cockroaches
  12 goblins
  8 hobgoblins
  4 jackals
  4 quokkas
  5 ball pythons
  A frilled lizard (D:2)
  7 kobolds
  3 rats
  A butterfly (Lair:5)
  A fire vortex (Depths:1)
1070 creatures vanquished.

Vanquished Creatures (others)
  A tentacled monstrosity (Depths:1)
  A deep elf blademaster (Elf:3)
  A deep elf elementalist (Elf:3)
  A deep elf annihilator (Elf:3)
  A rakshasa (Depths:2)
  A death yak (D:8)
  A two-headed ogre (D:8)
  A deep elf archer (Spider:2)
  A deep elf zephyrmancer (Elf:1)
  A fire giant skeleton (Depths:1)
  A komodo dragon (Lair:3)
  A bloated husk (Swamp:1)
  5 yaks
  A basilisk (D:8)
  A hell hound (Spider:2)
  3 wights (D:7)
  A killer bee (D:10)
  A jelly (D:5)
  Ijyb (D:5)
  An orc (Vaults:2)
  11 foxfires
  29 fungi
  56 plants
  4 withered plants
126 creatures vanquished.

Grand Total: 1785 creatures vanquished

Notes
Turn   | Place    | Note
-------+----------+-------------------------------------------
     0 | D:1      | themarg the Merfolk Summoner began the quest for the Orb.
     0 | D:1      | Reached XP level 1. HP: 13/13 MP: 3/3
   354 | D:1      | Reached XP level 2. HP: 19/19 MP: 3/5
   357 | D:1      | Learned a level 2 spell: Call Imp
  1110 | D:1      | Reached XP level 3. HP: 24/24 MP: 2/6
  1466 | D:2      | Noticed a scorpion
  1479 | D:2      | Killed a scorpion
  1480 | D:2      | Reached skill level 5 in Summonings
  1480 | D:2      | Reached XP level 4. HP: 30/30 MP: 1/7
  1484 | D:2      | Learned a level 3 spell: Call Canine Familiar
  1548 | D:2      | Found a stormy altar of Qazlal.
  1823 | D:2      | Reached XP level 5. HP: 35/35 MP: 2/8
  1944 | D:2      | Reached skill level 6 in Summonings
  2629 | D:3      | Found an iron altar of Okawaru.
  2646 | D:3      | Found a radiant altar of Vehumet.
  3013 | D:3      | Reached XP level 6. HP: 25/41 MP: 0/9
  3126 | D:3      | Found a stormy altar of Qazlal.
  3127 | D:3      | Found a sparkling altar of Nemelex Xobeh.
  3913 | D:4      | Learned a level 3 spell: Summon Guardian Golem
  3984 | D:4      | Reached skill level 1 in Hexes
  3984 | D:4      | Reached skill level 7 in Summonings
  4346 | D:4      | Identified the +2 pair of boots of Yphily {Harm}
  4546 | D:5      | Entered Level 5 of the Dungeon
  4580 | D:5      | Found a transporter.
  4752 | D:5      | Noticed a yak
  4754 | D:5      | Noticed a yak
  4759 | D:5      | Noticed a yak
  4759 | D:5      | Noticed a yak
  4761 | D:5      | Killed a yak
  4761 | D:5      | Noticed a yak
  4762 | D:5      | Reached XP level 7. HP: 46/46 MP: 0/10
  4763 | D:5      | Noticed a yak
  4765 | D:5      | Killed a yak
  4766 | D:5      | Reached skill level 8 in Summonings
  4769 | D:5      | Killed a yak
  4769 | D:5      | Killed a yak
  4770 | D:5      | Reached skill level 9 in Summonings
  4770 | D:5      | Reached XP level 8. HP: 52/52 MP: 1/11
  4861 | D:5      | Killed a yak
  5115 | D:5      | Reached skill level 1 in Air Magic
  5137 | D:5      | Reached skill level 10 in Summonings
  5224 | D:5      | Noticed Ijyb
  5241 | D:5      | Killed Ijyb
  5381 | D:5      | Found a transporter.
  5381 | D:5      | Noticed hgbash's ghost (amateur MiBe)
  5438 | D:5      | Learned a level 4 spell: Summon Lightning Spire
  5501 | D:5      | Noticed Grinder
  5520 | D:5      | Killed Grinder
  5573 | D:5      | Found a basalt altar of Yredelemnul.
  5772 | D:5      | Killed a yak
  6084 | D:6      | Reached XP level 9. HP: 59/62 MP: 5/12
  6493 | D:6      | Found an opulent altar of Gozag.
  6518 | D:6      | Became a worshipper of Gozag Ym Sagoz the Greedy
  6751 | D:6      | Reached skill level 5 in Dodging
  6929 | D:6      | Found Jilal's Antique Armour Shoppe.
  7264 | D:6      | Reached skill level 5 in Fighting
  7264 | D:6      | Reached skill level 1 in Polearms
  7421 | D:7      | Noticed Joseph
  7814 | D:7      | Found a shimmering altar of Xom.
  7820 | D:7      | Found a broken altar of Ashenzari.
  7834 | D:7      | Reached skill level 5 in Polearms
  7879 | D:7      | Found a staircase to the Ecumenical Temple.
  7954 | D:7      | Reached skill level 1 in Throwing
  7954 | D:7      | Reached skill level 1 in Evocations
  8031 | D:7      | Killed Joseph
  8261 | D:7      | Noticed Duvessa
  8261 | D:7      | Noticed Dowan
  8270 | D:7      | Killed Dowan
  8271 | D:7      | Reached XP level 10. HP: 72/74 MP: 11/16
  8287 | D:7      | Killed Duvessa
  8405 | D:7      | Reached skill level 5 in Spellcasting
  8528 | D:7      | Found a blossoming altar of Fedhas.
  8531 | D:7      | Found a bloodstained altar of Trog.
  8804 | D:7      | Found a runed translucent door.
  8805 | D:7      | Noticed Crazy Yiuf
  8941 | D:7      | Killed Crazy Yiuf
  9336 | D:8      | Found a flagged portal.
  9341 | D:8      | Noticed Prince Ribbit
  9378 | D:8      | Killed Prince Ribbit
  9380 | Bailey   | Entered a bailey
  9845 | Bailey   | Reached skill level 5 in Air Magic
 10752 | Bailey   | Identified the +4 executioner's axe of Uhuefomm {freeze,
                  | rPois rN++ Int-2 SInv}
 10754 | Bailey   | Identified the +8 war axe "Beast's Funeral" {heavy, *Slow
                  | Will+++ Str-3 Dex+9}
 10959 | D:8      | Found a staircase to the Lair.
 10959 | D:8      | Noticed a death yak
 10962 | D:8      | Noticed an elephant
 11227 | D:8      | Found a runed translucent door.
 11230 | D:8      | Noticed an orange crystal statue
 11230 | D:8      | Found the +10 tower shield of Ignorance {rN+ Int-4}
 11253 | D:8      | Found a runed translucent door.
 11393 | D:8      | Noticed a two-headed ogre
 11406 | D:8      | Killed a two-headed ogre
 11407 | D:8      | Reached XP level 11. HP: 84/84 MP: 8/18
 11454 | D:8      | Killed a death yak
 11742 | D:8      | Reached skill level 1 in Conjurations
 11981 | D:8      | Upgraded the game from 0.30-a0-918-g0ff054e9dc to
                  | 0.30-a0-920-g7493c07aab
 11998 | D:8      | Reached skill level 5 in Conjurations
 11998 | D:8      | Reached XP level 12. HP: 86/86 MP: 18/23
 12345 | D:9      | Noticed a two-headed ogre
 12359 | D:9      | Killed a two-headed ogre
 13144 | D:10     | Entered Level 10 of the Dungeon
 13518 | D:10     | Found a staircase to the Orcish Mines.
 13911 | D:10     | Learned a level 5 spell: Arcjolt
 14061 | D:10     | Noticed Nergalle
 14077 | D:10     | Killed Nergalle
 14618 | D:10     | Learned a level 3 spell: Mephitic Cloud
 14666 | D:11     | Reached skill level 1 in Poison Magic
 15278 | D:11     | Reached skill level 1 in Shields
 15278 | D:11     | Reached skill level 11 in Summonings
 15484 | D:11     | Gained mutation: You are dopey. (Int -2) [potion of
                  | mutation]
 15484 | D:11     | Lost mutation: You are dopey. (Int -2) [potion of mutation]
 15736 | D:11     | Found a gateway to a bazaar.
 15748 | D:11     | Noticed Erica
 15760 | Bazaar   | Entered a bazaar
 15760 | Bazaar   | Found Lietiekk's Jewellery Boutique.
 15760 | Bazaar   | Found Heoqim's Jewellery Shop.
 15760 | Bazaar   | Found Nyshru's Distillery.
 15760 | Bazaar   | Found Tamu Witic's General Store.
 15760 | Bazaar   | Found Laasch's Assorted Antiques.
 15777 | Bazaar   | Bought a potion of curing for 48 gold pieces
 15777 | Bazaar   | Bought a potion of magic for 128 gold pieces
 15777 | Bazaar   | Bought a potion of attraction for 48 gold pieces
 15777 | Bazaar   | Bought a potion of cancellation for 128 gold pieces
 15777 | Bazaar   | Bought a potion of flight for 48 gold pieces
 15777 | Bazaar   | Bought a potion of resistance for 160 gold pieces
 15779 | Bazaar   | Bought 2 bubbling orange potions for 48 gold pieces
 15779 | Bazaar   | Bought a potion of cancellation for 216 gold pieces
 15779 | Bazaar   | Bought a scroll labelled CAUCOP YMEME for 27 gold pieces
 15779 | Bazaar   | Bought a scroll of teleportation for 81 gold pieces
 15783 | Bazaar   | Bought the Catalogue of Haze and the Entourage for 176 gold
                  | pieces
 15783 | Bazaar   | Bought a wand of iceblast (3) for 57 gold pieces
 15785 | Bazaar   | Bought a ring of protection from cold for 200 gold pieces
 15806 | D:11     | Killed Erica
 15807 | D:11     | Reached XP level 13. HP: 65/96 MP: 14/24
 16052 | Lair:1   | Entered Level 1 of the Lair of Beasts
 17294 | Lair:2   | Reached skill level 1 in Ice Magic
 17771 | Lair:2   | Identified the +2 robe "Xoutyceng" {Regen+ rCorr Stlth+}
 17845 | Lair:2   | Reached skill level 5 in Shields
 18279 | Lair:2   | Reached skill level 5 in Ice Magic
 18613 | Lair:2   | Found a snail-covered altar of Cheibriados.
 18700 | Lair:2   | Learned a level 4 spell: Summon Ice Beast
 18836 | Lair:3   | Found a hole to the Spider Nest.
 19474 | Lair:3   | Found a staircase to the Swamp.
 19821 | Lair:3   | Identified 2 scrolls of acquirement
 19825 | Lair:3   | Acquired the +1 hat of Foolhardiness {rPois Will+ Stlth+}
 20268 | Lair:3   | You fall into a shaft and drop 2 floors!
 20268 | Lair:5   | Entered Level 5 of the Lair of Beasts
 20295 | Lair:5   | Learned a level 5 spell: Freezing Cloud
 20820 | Lair:5   | Reached XP level 14. HP: 106/106 MP: 16/26
 21185 | Lair:5   | Reached skill level 12 in Summonings
 21494 | Lair:4   | Noticed Sonja
 21649 | Lair:4   | Noticed Josephine
 21786 | Lair:5   | Killed Josephine
 22032 | Lair:4   | Found a runed translucent gate.
 22032 | Lair:4   | Found a runed translucent gate.
 22032 | Lair:4   | Found a runed translucent gate.
 22035 | Lair:4   | Noticed Bacu's ghost (journeyman DjCj)
 22038 | Lair:4   | Noticed Hubris850's ghost (journeyman DrIE)
 22631 | Lair:4   | Killed Sonja
 22878 | Lair:4   | Identified the +9 quarterstaff "Joeth" {flame, *Rage Dex+5}
 23006 | Lair:4   | Noticed bmack86's ghost (journeyman MiFi)
 23007 | Lair:4   | Noticed bmack86's ghost (journeyman MiFi)
 23391 | Lair:5   | Found a viscous altar of Jiyva.
 23623 | Lair:5   | Reached skill level 5 in Evocations
 23863 | Lair:5   | Noticed a dire elephant
 23892 | Lair:5   | Reached skill level 5 in Throwing
 24403 | Lair:5   | Killed a dire elephant
 24495 | Lair:5   | Acquired 691 gold pieces
 24505 | Lair:5   | Identified the +2 dagger of Darkness {elec, rElec Str+4
                  | SInv}
 25040 | D:5      | Killed hgbash's ghost
 25243 | D:6      | Bought a runed buckler for 172 gold pieces
 25873 | D:12     | Reached XP level 15. HP: 105/114 MP: 3/27
 26525 | Orc:1    | Entered Level 1 of the Orcish Mines
 26933 | Orc:1    | Found a runed translucent door.
 27729 | Orc:2    | Entered Level 2 of the Orcish Mines
 27912 | Orc:2    | Found a staircase to the Elven Halls.
 27974 | Orc:2    | Reached skill level 10 in Fighting
 28645 | Orc:2    | Noticed an orc warlord
 28814 | Orc:2    | Killed an orc warlord
 30386 | Orc:2    | Found Jitwagov's General Store.
 30387 | Orc:2    | Found Beroluq's Jewellery Shoppe.
 30389 | Orc:2    | Found Urahiobu's Antique Armour Emporium.
 30389 | Orc:2    | Found Kunko's Antique Weapon Emporium.
 30567 | Orc:2    | Bought a scroll of teleportation for 42 gold pieces
 30567 | Orc:2    | Bought 3 scrolls of magic mapping for 315 gold pieces
 30567 | Orc:2    | Bought a scroll of enchant armour for 105 gold pieces
 30576 | Orc:2    | Bought a pair of pitted boots for 304 gold pieces
 30576 | Orc:2    | Identified the +1 pair of boots "Ulagoh" {*Slow rF+++
                  | Str+5} (You bought it in a shop on level 2 of the Orcish
                  | Mines)
 30728 | D:13     | Identified the +8 falchion of Midnight {pain, rElec rF+
                  | MP+9 Dex-4}
 30766 | D:13     | Reached skill level 10 in Dodging
 30933 | D:13     | Upgraded the game from 0.30-a0-920-g7493c07aab to
                  | 0.30-a0-948-g4fa250aae5
 31770 | D:13     | Found a gate to the Vaults.
 31838 | D:13     | Reached skill level 10 in Spellcasting
 32107 | D:13     | Identified the +1 robe of Boutuum {Rampage Will+ Int+3
                  | Slay-5 SInv}
 32660 | D:14     | Identified the +1 dagger "Zuin" {elec, rC+ MP+9 Int-3}
 32817 | D:14     | Found a runed translucent gate.
 32817 | D:14     | Found a runed translucent gate.
 32819 | D:14     | Noticed a fire giant
 32819 | D:14     | Noticed superbruh's ghost (journeyman GnWn)
 32820 | D:14     | Found a runed translucent gate.
 33148 | D:14     | Found an iron altar of Okawaru.
 33162 | D:14     | Reached skill level 10 in Polearms
 33400 | D:14     | Gained mutation: You possess an exceptional clarity of
                  | mind. [a shining eye]
 33750 | D:15     | Entered Level 15 of the Dungeon
 34330 | D:15     | Reached XP level 16. HP: 122/122 MP: 18/31
 35621 | D:15     | Found a staircase to the Depths.
 36093 | Spider:1 | Entered Level 1 of the Spider Nest
 36151 | Spider:1 | Noticed Jorgrun
 36161 | Spider:1 | Killed Jorgrun
 37137 | Spider:1 | Reached skill level 13 in Summonings
 37641 | Spider:1 | Learned a level 7 spell: Summon Hydra
 38709 | Spider:2 | Reached skill level 14 in Summonings
 40534 | Spider:2 | Gained mutation: You are weak. (Str -2) [mutagenic glow]
 41115 | Swamp:1  | Entered Level 1 of the Swamp
 41757 | Spider:3 | Reached XP level 17. HP: 128/128 MP: 2/33
 41761 | Spider:3 | Reached skill level 15 in Summonings
 44766 | Spider:4 | Entered Level 4 of the Spider Nest
 44862 | Spider:4 | Reached skill level 10 in Evocations
 48377 | Spider:4 | Got a gossamer rune of Zot
 48388 | Spider:4 | Identified the +1 hat of the Ward {Dex+4 SInv}
 48749 | Spider:4 | Upgraded the game from 0.30-a0-948-g4fa250aae5 to
                  | 0.30-a0-949-g53dc5368d7
 49550 | Lair:4   | Killed bmack86's ghost
 49736 | Lair:4   | Killed Hubris850's ghost
 49805 | Lair:4   | Killed bmack86's ghost
 50160 | Lair:4   | Killed Bacu's ghost
 50399 | Lair:4   | Identified the +1 barding "Immiassosao" {rF+ rC+ Dex-3
                  | Stlth+}
 51577 | Lair:3   | Found a hole to the Spider Nest.
 53055 | Swamp:1  | Noticed Louise
 53097 | Swamp:1  | Killed Louise
 53098 | Swamp:1  | Reached XP level 18. HP: 140/140 MP: 10/34
 53681 | Swamp:2  | Identified the +1 chain mail of the Earth {-Tele Harm Str+3
                  | Int+3}
 54369 | Swamp:2  | Noticed a tentacled monstrosity
 54379 | Swamp:2  | Killed a tentacled monstrosity
 55512 | Swamp:3  | Noticed a tentacled monstrosity
 55652 | Swamp:3  | Killed a tentacled monstrosity
 56806 | Swamp:3  | Identified the ring of the Gnashing Gods {Contam MP+9 Int+6
                  | Dex+2}
 57785 | Swamp:4  | Entered Level 4 of the Swamp
 59074 | Swamp:4  | Reached skill level 10 in Conjurations
 59074 | Swamp:4  | Reached skill level 10 in Air Magic
 60213 | Swamp:4  | Reached skill level 16 in Summonings
 61011 | Swamp:4  | Got a decaying rune of Zot
 61572 | Elf:1    | Entered Level 1 of the Elven Halls
 62151 | Elf:1    | Reached XP level 19. HP: 146/146 MP: 24/35
 62180 | Elf:1    | Got Ewugg's Compilation of Corpses
 62371 | Elf:1    | Reached skill level 17 in Summonings
 62587 | Elf:1    | Noticed Aizul
 62594 | Elf:1    | Killed Aizul
 65204 | Elf:1    | Reached skill level 1 in Necromancy
 65369 | Elf:2    | Found a runed translucent door.
 65371 | Elf:2    | Noticed serber55's ghost (adept DsIE)
 65434 | Elf:2    | Found a runed translucent gate.
 65436 | Elf:2    | Found a runed translucent gate.
 65437 | Elf:2    | Found a runed translucent gate.
 65598 | Elf:2    | Noticed Saint Roka
 65615 | Elf:2    | Killed Saint Roka
 65855 | Elf:3    | Entered Level 3 of the Elven Halls
 65987 | Elf:3    | Paralysed by an air elemental for 1 turns
 66151 | Elf:3    | Found Upnoen's Distillery.
 66423 | Elf:3    | Learned a level 7 spell: Monstrous Menagerie
 66460 | Elf:3    | Reached skill level 1 in Earth Magic
 67901 | Elf:3    | Identified the +8 lajatang "Deempe" {heavy, Fly}
 68102 | Elf:3    | Reached skill level 5 in Necromancy
 68475 | Elf:3    | Identified the +7 rapier "Tataxtue" {drain, rC+ Will+}
 68958 | Elf:3    | Reached XP level 20. HP: 152/153 MP: 15/36
 69316 | Elf:3    | Reached skill level 5 in Earth Magic
 69555 | Elf:3    | Identified the +0 flail of the Lurker {protect, rN+ Str+4
                  | Dex+2}
 70275 | Elf:3    | Identified the staff of fire "Ajao" {rF+ rC+ Will+ rCorr
                  | Int+2}
 70539 | Elf:3    | Got Sif Muna's Incunabulum of Sandy Cryomancy
 70553 | Elf:3    | Identified the ring of Ytiexep {rF+ Will+ Str+5 Dex+6}
 70558 | Elf:3    | Identified the +5 ring mail of Vackoul {rPois Will- Str+3}
 70564 | Elf:3    | Identified the scarf "Leidarph" {repulsion, rPois}
 70574 | Elf:3    | Acquired 779 gold pieces
 70606 | Elf:3    | Identified the +1 lajatang of the Conjuring Rat {flame,
                  | rC+}
 70800 | Elf:3    | Identified the +3 plate armour of Ikkeih {Int+4}
 71194 | D:14     | Learned a level 5 spell: Borgnjor's Vile Clutch
 71240 | Vaults:1 | Entered Level 1 of the Vaults
 75705 | Vaults:2 | Identified the +8 plate armour "Gaent" {Will+ MP+9}
 76770 | Vaults:3 | Found a staircase to the Crypt.
 76909 | Vaults:3 | Reached XP level 21. HP: 157/157 MP: 10/38
 77303 | Vaults:3 | Found Xaloul's Assorted Antiques.
 77318 | Vaults:3 | Acquired Raerhauqa's Compilation of Hindering Adjuration
 79174 | Vaults:3 | Found Sonuoqay's General Store.
 79436 | Vaults:3 | Found a runed translucent gate.
 79436 | Vaults:3 | Found a runed translucent gate.
 79437 | Vaults:3 | Found a runed translucent gate.
 79438 | Vaults:3 | Noticed Zissick's ghost (adept MiBr)
 79495 | Vaults:3 | Killed Zissick's ghost
 79757 | Vaults:4 | Noticed Frederick
 80455 | Vaults:4 | Reached skill level 15 in Spellcasting
 80923 | Vaults:4 | Noticed Jory
 80937 | Vaults:4 | Killed Jory
 81138 | Vaults:4 | Killed Frederick
 81567 | Vaults:4 | Noticed Margery
 82083 | Vaults:4 | Killed Margery
 83349 | Vaults:1 | Reached skill level 10 in Shields
 84116 | D:14     | Killed superbruh's ghost
 84266 | D:14     | Found an iron altar of Okawaru.
 84282 | D:14     | Identified the +6 long sword of Departure {spect, rElec
                  | rPois rN+++ Will-}
 84284 | D:14     | Identified the +2 robe of the Sea {Fly rF+}
 84292 | D:14     | Identified the +9 rapier of the Illusory Servitors {flame,
                  | +Blink Int+3}
 84943 | Orc:2    | Bought a scroll of enchant weapon for 105 gold pieces
 85947 | Depths:1 | Entered Level 1 of the Depths
 86246 | Depths:1 | Reached XP level 22. HP: 165/165 MP: 13/41
 86255 | Depths:1 | Noticed Nikola
 86423 | Depths:1 | Killed Nikola
 86862 | Depths:1 | HP: 7/165 [titan/bolt of lightning (44)]
 87339 | Depths:1 | Found a sparkling altar of Nemelex Xobeh.
 87480 | Depths:1 | Found Xafoa's Weapon Emporium.
 87966 | D:15     | Learned a level 7 spell: Haunt
 88816 | Depths:1 | Found Big Baal Hell's Store.
 88927 | Depths:1 | Found a gateway to Hell.
 89041 | Depths:2 | Noticed the Enchantress
 89234 | Depths:2 | Reached skill level 10 in Necromancy
 89656 | Depths:2 | Killed the Enchantress
 92093 | Depths:2 | Identified the +2 halberd "Boimour" {spect, Str+2 Int-4
                  | Dex+2}
 93278 | Depths:3 | Found Zicerhic's Assorted Antiques.
 93280 | Depths:3 | Found Hufugh's Magic Scroll Shoppe.
 93282 | Depths:3 | Found Uraheocs's General Store.
 93288 | Depths:3 | Bought a scroll of blinking for 127 gold pieces
 93288 | Depths:3 | Bought a scroll of acquirement for 884 gold pieces
 93288 | Depths:3 | Acquired 746 gold pieces
 93292 | Depths:3 | Bought a wand of digging (1) for 50 gold pieces
 93496 | Depths:3 | Reached skill level 1 in Armour
 93575 | Depths:3 | Found a basalt altar of Yredelemnul.
 93640 | Depths:3 | Found a one-way gateway to a ziggurat.
 93805 | Depths:3 | Identified the +5 quarterstaff of the Apocalypse {drain,
                  | Fragile Int+9 SInv}
 93833 | Depths:3 | Noticed a golden dragon
 94076 | Depths:3 | Killed a golden dragon
 94529 | Depths:3 | Found a one-way gate to the infinite horrors of the Abyss.
 94980 | Depths:4 | Entered Level 4 of the Depths
 95062 | Depths:4 | Noticed a juggernaut
 95080 | Depths:4 | Killed a juggernaut
 95081 | Depths:4 | Reached XP level 23. HP: 76/171 MP: 27/42
 95595 | Depths:4 | Noticed Parghit
 95881 | Depths:4 | Noticed a golden dragon
 95886 | Depths:4 | Killed a golden dragon
 96396 | Depths:4 | Noticed a juggernaut
 96768 | Depths:4 | Killed from afar by a black draconian knight

Illustrated notes

Levels and vault maps discovered:
D:1:      wander_arrival_chamber, layout_basic, serial_park_tiny_2
D:2:      layout_loops_ring, basic_altar
D:3:      minmay_wonky_spiral, layout_basic, mainiacjoe_overflow_catch_the_wave,
          gammafunk_temple_overflow_pools
D:4:      layout_basic
D:5:      layout_rooms, lemuel_tele_altar, gammafunk_ghost_mausoleum,
          nicolae_zen_rock_garden, minmay_tree_intersection, uniq_ijyb,
          uniq_grinder
D:6:      layout_basic, mainiacjoe_overflow_concentric_impassable,
          roderic_st_hans_cross, nicolae_stop_n_shop_2,
          kennysheep_generic_room_5
D:7:      layout_gridville, nicolae_overflow_squiral,
          grunt_temple_overflow_open, minmay_temple_entry_sparse_star,
          uniq_duvessa, uniq_crazy_yiuf_cottage, uniq_joseph
D:8:      layout_loops_ring, david_lair_generic, enter_bailey_5,
          chequers_guarded_unrand_ignorance, uniq_prince_ribbit1
D:9:      layout_irregular_city
D:10:     layout_irregular_city, david_orc_2, uniq_nergalle
D:11:     layout_roguey [special_room_orc], serial_shops, bzr_entry_road,
          uniq_erica
D:12:     layout_cave_pools
D:13:     layout_loops_ring, david_vaults_1
D:14:     layout_roguey, gammafunk_ghost_fury_of_okawaru
D:15:     grunt_enter_depths_magical_seal, layout_cave_pools,
          nicolae_water_bricks, corexii_hall_statues_x
Lair:1:   layout_hall_layers, kennysheep_rathole, lemuel_fruit_fields
Lair:2:   layout_concentric_octagons, basic_altar, serial_bayou_shore_b
Lair:3:   layout_layer_cave, minmay_swamp_entry_reptiles,
          nicolae_spider_entry_non_spiders
Lair:4:   layout_cave_shapes, gammafunk_ghost_cemetery, enter_volcano_3,
          uniq_sonja, uniq_josephine
Lair:5:   grunt_lair_end_beastmaster, layout_cave_pods,
          minmay_slime_entry_oklob_enclosed, serial_bayou_shore_a,
          lemuel_fruit_fields, lemuel_fruit_fields
Swamp:1:  layout_falls_marsh, evilmike_swamp_ruin_house_2, uniq_louise
Swamp:2:  layout_basic_swamp, infiniplex_staircase_pool
Swamp:3:  layout_basic_swamp, serial_swamp_ruin, evilmike_swamp_ruin_rubble_2,
          evilmike_swamp_ruin_rubble_1, st_swamp_ruins_2
Swamp:4:  swamp_alternative, layout_basic_swamp
Spider:1: layout_spider_delve, uniq_jorgrun
Spider:2: layout_chambers, beargit_elvish_explorers,
          hangedman_spider_tarantella_strand
Spider:3: layout_spider_delve, nicolae_spider_scorpion_nest
Spider:4: grunt_spider_rune_circles
Orc:1:    layout_diamond_mine, basic_altar, lightli_church_of_beogh
Orc:2:    st_orc_congregation, layout_diamond_mine
Elf:1:    elf_arrival_002, layout_geoelf_octagon, minmay_elf_necromancy,
          st_stairs_13, uniq_aizul
Elf:2:    elven_hall_of_blades_hangedman_original
          [nicolae_blade_entry_antechamber], layout_geoelf_octagon,
          gammafunk_ghost_grave, uniq_saint_roka
Elf:3:    minmay_elf_hall_hex, layout_geoelf_grid, serial_shops,
          nicolae_shop_statue_plus
Vaults:1: ontoclasm_vaults_fault, ontoclasm_vaults_tryst, grunt_vaults_twisty,
          v_misc_16, vaults_room_fours, v_misc_30, nicolae_vaults_specimen_jars,
          vaults_room_corners, layout_vaults_chaotic_city
Vaults:2: ontoclasm_vaults_shuriken, vaults_room_corners,
          hangedman_vaults_slither, vaults_dpeg_diagonal,
          hangedman_vaults_restitches, v_misc_15, nicolae_vaults_puzzle_piece,
          vaults_room_pool, vaults_dpeg_encased_lava, v_misc_9,
          layout_vaults_omnibox
Vaults:3: ebering_ghost_rock_garden, minmay_crypt_entry_nasty_monster, v_misc_3,
          v_alt_pattern_6, nicolae_vaults_triangles,
          nicolae_vaults_shelves_hall, nicolae_vaults_network_star,
          vaults_room_door_ring, v_misc_15, vaults_dpeg_emergency_exit,
          layout_vaults_quadrants, serial_shops, shop_fountains, shop
Vaults:4: v_misc_12, ontoclasm_vaults_ring_large, v_misc_29, vaults_room_grid,
          grunt_vaults_bifocal, nicolae_vaults_asterisk,
          nicolae_vaults_ninety_degrees, v_misc_28, vaults_room_hallway,
          vaults_dpeg_hooks, hangedman_vaults_slice, vaults_room_door_hall,
          layout_vaults_ring, uniq_jory, uniq_margery, uniq_frederick
Depths:1: minmay_slanted_spiral_squares, layout_cave_pools,
          nicolae_hell_entry_big_baal_hell, minmay_misc_feat_chi, serial_shops,
          shop, minivault_10, nemelex_diamond_rough_becter, uniq_nikola
Depths:2: nzn_winding_woodlands_stair_trap [nzn_winding_woodlands_5x15_eye,
          nzn_winding_woodlands_5x15_pool,
          nzn_winding_woodlands_5x15_split_checker,
          nzn_winding_woodlands_15x15_boxy_spiral,
          nzn_winding_woodlands_5x15_cabin,
          nzn_winding_woodlands_5x15_longhouse,
          nzn_winding_woodlands_5x15_sawtooth], layout_gridlike,
          rand_demon_pan_entry_1, vehumet_crystals, hell_entry, minivault_22,
          chequers_serial_rivers_small_b, kennysheep_island_fort,
          uniq_josephina, uniq_vv, uniq_asterion, uniq_mara, uniq_enchantress
Depths:3: minmay_bloctagon_deflated, layout_basic, enter_ziggurat_b,
          hangedman_coc_ice_floe, abyss_entry, lemuel_zombie_altar_yredelemnul,
          minmay_staircase_bubble, minmay_shop_star, serial_bayou_shore_b
Depths:4: grunt_twist_and_shout, layout_basic, chequers_serial_rivers_room_a,
          hell_entry, minmay_shoptagon, uniq_parghit

Skill      XL: |  1  2  3  4  5  6  7  8  9 10 11 12 13 14 15 16 17 18 19 20 21 22 23 |
---------------+----------------------------------------------------------------------+-----
Stealth        | 3 |  3.0
Summonings     | 5 6 7 9 10 11 12 14 15 16 17 | 17.1
Hexes          | 3 |  3.0
Air Magic      | 3 6 7 8 10 | 10.0
Dodging        | 4 5 7 10 12 | 12.0
Fighting       | 2 5 7 8 9 10 12 | 12.0
Spellcasting   | 4 5 7 8 11 12 13 15 | 15.0
Polearms       | 5 7 10 14 | 14.0
Throwing       | 2 6 |  6.0
Evocations     | 2 5 7 10 | 10.0
Conjurations   | 5 7 8 10 | 10.0
Poison Magic   | 3 |  3.0
Shields        | 2 5 10 13 | 13.8
Ice Magic      | 7 9 |  9.0
Necromancy     | 5 8 11 | 11.5
Earth Magic    | 4 8 |  8.0
Armour         | 2 3 |  3.3

Action                     |  1- 3 |  4- 6 |  7- 9 | 10-12 | 13-15 | 16-18 | 19-21 | 22-24 || total
---------------------------+-------+-------+-------+-------+-------+-------+-------+-------++-------
  Melee: Dagger            |     2 |       |       |       |       |       |       |       ||     2
         Spear             |    31 |    97 |    91 |   105 |       |       |       |       ||   324
         Tailslap          |       |       |       |     4 |       |    13 |       |       ||    17
         Punch             |       |       |       |     3 |     1 |       |       |       ||     4
         Trident           |       |       |       |   167 |   467 |   627 |   806 |       ||  2067
         Demon trident     |       |       |       |       |       |       |     3 |   378 ||   381
  Throw: Dart              |       |       |       |     2 |    13 |    10 |       |       ||    25
   Cast: Summon Small Mamm |    35 |     9 |    13 |     2 |       |       |       |       ||    59
         Call Imp          |    11 |    16 |       |       |       |       |       |       ||    27
         Call Canine Famil |       |    28 |    27 |    49 |    57 |    24 |       |       ||   185
         Summon Guardian G |       |     6 |    12 |    20 |     6 |       |       |       ||    44
         Summon Lightning  |       |       |    22 |    94 |   117 |   109 |    37 |     2 ||   381
         Arcjolt           |       |       |       |     3 |    24 |    72 |    57 |    15 ||   171
         Summon Ice Beast  |       |       |       |       |    80 |    32 |       |       ||   112
         Freezing Cloud    |       |       |       |       |   147 |    73 |    14 |    22 ||   256
         Mephitic Cloud    |       |       |       |       |    18 |    10 |    39 |     3 ||    70
         Summon Hydra      |       |       |       |       |       |   312 |   162 |    27 ||   501
         Monstrous Menager |       |       |       |       |       |       |   241 |   139 ||   380
         Borgnjor's Vile C |       |       |       |       |       |       |     9 |   100 ||   109
         Haunt             |       |       |       |       |       |       |       |    16 ||    16
 Invoke: Potion Petition   |       |       |       |       |     4 |    12 |    10 |     3 ||    29
  Evoke: Wand              |       |       |       |     1 |    13 |    12 |     6 |     1 ||    33
         Condenser vane    |       |       |       |       |     1 |     4 |     2 |     1 ||     8
         Box of beasts     |       |       |       |       |     1 |     2 |     1 |     1 ||     5
         Tin of tremorston |       |       |       |       |       |       |     4 |       ||     4
         Lightning rod     |       |       |       |       |       |       |     4 |     1 ||     5
         Phial of floods   |       |       |       |       |       |       |     1 |     2 ||     3
         Phantom mirror    |       |       |       |       |       |       |     1 |     1 ||     2
    Use: Scroll            |       |     3 |     2 |     5 |    20 |    10 |    15 |     4 ||    59
         Potion            |       |     1 |       |     6 |     1 |     3 |     3 |       ||    14
   Stab: Distracted        |     2 |     4 |     3 |     5 |    12 |    22 |    33 |    23 ||   104
         Confused          |       |       |       |       |     9 |     3 |     8 |       ||    20
         Paralysed         |       |       |       |       |     1 |       |     7 |       ||     8
         Invisible         |       |       |       |       |       |     4 |       |       ||     4
         Sleeping          |       |       |       |       |       |     1 |     5 |       ||     6
 Armour: Robe              |     4 |    15 |    10 |    70 |   136 |   303 |   172 |    43 ||   753
         Skin              |       |       |       |       |       |     1 |    15 |       ||    16
         Acid dragon scale |       |       |       |       |       |       |       |    56 ||    56
  Dodge: Dodged            |     6 |    34 |    43 |   185 |   281 |   543 |   412 |   195 ||  1699
  Block: Buckler           |       |       |       |       |    89 |   238 |   243 |   146 ||   716

Table legend: (Time is in decaauts)
 A = Elapsed time spent in this place.
 B = Non-inter-level travel time spent in this place.
 C = Inter-level travel time spent in this place.
 D = Time resting spent in this place.
 E = Time spent auto-exploring this place.
 F = Levels seen in this place.
 G = Mean time per level.
                   A        B        C        D        E       F      G
               +--------+--------+--------+--------+--------+-----+--------+
         Total |  95645 |  89679 |   5966 |  34194 |  35491 |  43 | 2224.3 |
       Dungeon |  24245 |  22159 |   2086 |   5699 |  12538 |  15 | 1616.3 |
          Lair |  12872 |  11647 |   1225 |   2668 |   7057 |   5 | 2574.4 |
         Swamp |   8236 |   8080 |    156 |   3860 |   2821 |   4 | 2059.0 |
   Spider Nest |  12382 |  11494 |    888 |   6119 |   2789 |   4 | 3095.5 |
  Orcish Mines |   4954 |   4394 |    560 |   1514 |   1780 |   2 | 2477.0 |
   Elven Halls |   9497 |   9001 |    496 |   4751 |   1314 |   3 | 3165.7 |
        Vaults |  12061 |  11712 |    349 |   5247 |   3067 |   4 | 3015.2 |
        Depths |   9960 |   9758 |    202 |   3815 |   3843 |   4 | 2490.0 |
        Bazaar |     31 |     31 |      0 |      0 |      0 |   1 |   31.0 |
        Bailey |   1404 |   1404 |      0 |    520 |    279 |   1 | 1404.0 |
               +--------+--------+--------+--------+--------+-----+--------+

Top non-repeatable levels by time:
   Elf:3: 5083 daAuts
  Lair:3: 4794 daAuts
Spider:4: 4097 daAuts
Spider:2: 3975 daAuts
  Lair:5: 3400 daAuts
Depths:2: 3344 daAuts
Vaults:3: 3330 daAuts
Vaults:4: 3157 daAuts
Depths:1: 3038 daAuts
 Swamp:4: 2992 daAuts
    D:15: 2955 daAuts
Depths:3: 2951 daAuts
Vaults:2: 2874 daAuts
   Elf:1: 2842 daAuts
Vaults:1: 2698 daAuts
